 Dungeon Crawl Stone Soup version 0.31-a0-236-g9a0961fb85 (webtiles) character file.

Game seed: 7782664642389923694

135 Demosthentine the Poker (level 4, -2/35 HPs)
             Began as a Demonspawn Gladiator on July 11, 2023.
             Slain by Duvessa
             ... wielding a +1 short sword of holy wrath
              (5 damage)
             ... on level 4 of the Dungeon.
             The game lasted 00:02:08 (2083 turns).

Demosthentine the Poker (Demonspawn Gladiator)      Turns: 2083, Time: 00:02:09

Health: -2/35      AC:  5    Str: 16    XL:     4   Next: 96%
Magic:  4/4        EV: 12    Int: 10    God:
Gold:   94         SH:  0    Dex: 14    Spells: 3/3 levels left

rFire   . . .        a - +0 trident
rCold   . . .        (no shield)
rNeg    + . .        b - +0 leather armour
rPois   .            c - +0 helmet
rElec   .            g - +0 cloak
rCorr   .            (no gloves)
SInv    .            (no boots)
Will    .....        (no amulet)
Stlth   +            h - ring of positive energy
HPRegen 0.25/turn    (no ring)
MPRegen 0.09/turn

%: no passive effects
@: no status effects
A: demonic touch 1
a: no special abilities


You were on level 4 of the Dungeon.
You visited 1 branch of the dungeon, and saw 4 of its levels.

You collected 94 gold pieces.

Inventory:

Hand Weapons
 a - a +0 trident (weapon)
Missiles
 d - 2 throwing nets (quivered)
 e - a javelin
Armour
 b - a +0 leather armour (worn)
 c - a +0 helmet (worn)
 g - a +0 cloak (worn)
Jewellery
 h - a ring of positive energy (left hand)
Wands
 j - a wand of polymorph (10)
Scrolls
 i - a scroll of teleportation
Potions
 f - 4 potions of curing
 k - a potion of might {unknown}
 l - a potion of lignification {unknown}


   Skills:
 + Level 3.1 Fighting
 + Level 3.4 Polearms
 - Level 1.7 Throwing
 + Level 1.8 Armour
 + Level 3.4 Dodging


You had 3 spell levels left.
You didn't know any spells.
Your spell library contained the following spells:

 Spells                   Type           Power      Damage    Failure   Level
 Summon Small Mammal      Summ           0%         N/A       43%         1
 Blink                    Tloc           0%         N/A       56%         2
 Ensorcelled Hibernation  Hex/Ice        0%         N/A       56%         2
 Lesser Beckoning         Tloc           0%         N/A       56%         2
 Momentum Strike          Conj/Tloc      0%         3d8       56%         2
 Call Canine Familiar     Summ           0%         N/A       80%         3
 Portal Projectile        Hex/Tloc       0%         N/A       80%         3
 Summon Guardian Golem    Hex/Summ       0%         N/A       80%         3
 Tukima's Dance           Hex            0%         N/A       80%         3
 Blade Hands              Tmut           0%         N/A       100%        5
 Metabolic Englaciation   Hex/Ice        0%         N/A       100%        5
 Simulacrum               Ice/Necr       0%         N/A       100%        6
 Ozocubu's Refrigeration  Ice            0%         4d7       100%        7


Dungeon Overview and Level Annotations

Branches:
Dungeon (4/15)
 Temple: D:4-7

Altars:
Nemelex Xobeh
Okawaru
Wu Jian
Yredelemnul

Shops:
D:4 *

Annotations:
D:4 Dowan, Duvessa


Innate Abilities, Weirdness & Mutations

Your touch may inflict minor irresistible damage on your foes.


Message History

A phantom comes into view.
Duvessa shouts!
There are monsters nearby!
You reach to attack!
You barely miss Duvessa.
Duvessa drinks a potion.
Duvessa seems to speed up.
There are monsters nearby!
You reach to attack!
You hit Duvessa.
Duvessa is lightly wounded.
Duvessa hits you with a +1 short sword of holy wrath.
You convulse.
Dowan, Brother of Duvessa comes into view.
He is wielding a +0 dagger.
There are monsters nearby!
You hit Duvessa but do no damage.
Duvessa is lightly wounded.
Duvessa hits you with a +1 short sword of holy wrath.
You convulse.
Duvessa hits you but does no damage.
You hit Duvessa. Your touch misses Duvessa.
Duvessa is moderately wounded.
Duvessa hits you with a +1 short sword of holy wrath.
You convulse.
The phantom hits you.
Duvessa hits you with a +1 short sword of holy wrath.
You convulse.
The phantom closely misses you.
Unknown command.
Duvessa gestures with her weapon.
Duvessa barely misses you.
Unknown command.
Duvessa attacks as you move away! Duvessa completely misses you.
Dowan mumbles some strange words.
Dowan blinks!
The phantom hits you.
* * * LOW HITPOINT WARNING * * *
The phantom blinks!
You blink.
There is a stone staircase leading down here.
The phantom barely misses you. The phantom attacks as you move away!
The phantom hits you.
* * * LOW HITPOINT WARNING * * *
Duvessa hits you with a +1 short sword of holy wrath.
* * * LOW HITPOINT WARNING * * *
You convulse.
You die...

#.# ##.....# #.# #.....#
. #.# ##......
##..####.# #....#.##
.........### #.#
.........'.## #.#
.........#..# #.########
#####....##.###.........
#....##W.@...######
#....###e###.#
#....###§#<.)#
#....#...§...#
#....#.......#
...'.......#
####.......# +.......#
#.).....#


You could see Duvessa (fast) and a phantom.

Vanquished Creatures
  Crazy Yiuf (D:3)
  2 adders
  3 worms
  3 dart slugs
  5 orcs
  6 endoplasms
  3 giant cockroaches
  2 goblins (D:1)
  9 hobgoblins
  2 jackals (D:3)
  8 kobolds
  5 quokkas
  A ball python (D:2)
  2 bats
  4 frilled lizards
  8 rats
  A spectral orc (D:3)
65 creatures vanquished.

Notes
Turn   | Place    | Note
-------+----------+-------------------------------------------
     0 | D:1      | Demosthentine the Demonspawn Gladiator began the quest for
                  | the Orb.
     0 | D:1      | Reached XP level 1. HP: 16/16 MP: 1/1
   128 | D:1      | Gained mutation: Your touch may inflict minor irresistible
                  | damage on your foes. [demonic ancestry]
   128 | D:1      | Reached XP level 2. HP: 22/22 MP: 2/2
   435 | D:1      | Reached skill level 1 in Armour
   533 | D:2      | Reached XP level 3. HP: 24/28 MP: 3/3
   897 | D:2      | Got the Enchiridion on the Glacier
  1042 | D:3      | Found a basalt altar of Yredelemnul.
  1088 | D:3      | Reached XP level 4. HP: 26/34 MP: 4/4
  1337 | D:3      | Found an iron altar of Okawaru.
  1344 | D:3      | Found a sparkling altar of Nemelex Xobeh.
  1441 | D:3      | Found an ornate altar of the Wu Jian Council.
  1862 | D:3      | Found a runed translucent door.
  1863 | D:3      | Noticed Crazy Yiuf
  1877 | D:3      | Killed Crazy Yiuf
  1943 | D:4      | Found Heisaveo's Neck Hole.
  2072 | D:4      | Noticed Duvessa
  2074 | D:4      | Noticed a phantom
  2076 | D:4      | Noticed Dowan
  2083 | D:4      | Slain by Duvessa

Illustrated notes

Levels and vault maps discovered:
D:1:      wander_arrival_desolate, layout_basic
D:2:      layout_rooms
D:3:      layout_basic, nicolae_overflow_crystal_walls,
          yredelemnul_forgotten_temple_becter,
          mainiacjoe_overflow_large_starburst, palyth_stone_intersect,
          minmay_unequal, uniq_crazy_yiuf_cottage
D:4:      layout_basic, old_standard_altar, nicolae_ru_sacrificial_ziggurat,
          kiku_gazebo_pond_becter, regret_index_temple_of_mockery,
          nicolae_shop_sticking_my_neck_out, uniq_duvessa

Skill      XL: |  1  2  3  4 |
---------------+-------------+-----
Polearms       | 3 |  3.4
Dodging        | 3 |  3.4
Armour         | 1 |  1.8
Fighting       | 3 |  3.1
Throwing       | |  1.7

Action                     |  1- 3 |  4- 6 || total
---------------------------+-------+-------++-------
  Melee: Trident           |   112 |    55 ||   167
         Touch             |     9 |     9 ||    18
         Punch             |       |     3 ||     3
  Throw: Throwing net      |       |     1 ||     1
    Use: Scroll            |     5 |     2 ||     7
   Stab: Distracted        |     1 |       ||     1
         Sleeping          |     1 |     2 ||     3
         Held in net/web   |       |     1 ||     1
 Armour: Leather armour    |    31 |     6 ||    37
  Dodge: Dodged            |    55 |    11 ||    66

Table legend: (Time is in decaauts)
 A = Elapsed time spent in this place.
 B = Non-inter-level travel time spent in this place.
 C = Inter-level travel time spent in this place.
 D = Time resting spent in this place.
 E = Time spent auto-exploring this place.
 F = Levels seen in this place.
 G = Mean time per level.
                   A        B        C        D        E       F      G
               +--------+--------+--------+--------+--------+-----+--------+
         Total |   2105 |   2018 |     87 |      0 |   1563 |   4 |  526.2 |
       Dungeon |   2105 |   2018 |     87 |      0 |   1563 |   4 |  526.2 |
               +--------+--------+--------+--------+--------+-----+--------+

Top non-repeatable levels by time:
     D:3: 909 daAuts
     D:1: 530 daAuts
     D:2: 497 daAuts
     D:4: 167 daAuts
